 Dungeon Crawl Stone Soup version 0.30.1-9-gdf580d7c3d (webtiles) character file.

Game seed: 16526775029330556421

656211 Dnvifnvgi the Conqueror (level 27, -19/245 HPs)
             Began as a Minotaur Fighter on Sept 27, 2023.
             Was a High Priest of Okawaru.
             Demolished by a juggernaut (90 damage)
             ... on level 12 of a ziggurat on Sept 30, 2023.
             The game lasted 03:02:17 (54643 turns).

Dnvifnvgi the Conqueror (Minotaur Fighter)         Turns: 54643, Time: 03:02:17

Health: -19/245    AC: 45    Str: 32    XL:     27
Magic:  22/22      EV: 31    Int: 14    God:    Okawaru [*****.]
Gold:   6689       SH:  0    Dex: 13    Spells: 26/26 levels left

rFire   + . .        d - +8 broad axe "Xuilomio" {elec, rC+ rN+}
rCold   + + +        k - +3 buckler {rC+}
rNeg    + + +        Z - +10 chain mail of Dice, Bag, and Bottle {Regen+ Int+6 Dex-3 SInv}
rPois   .            B - +2 hat of Ufeuhuxa {rF+ Regen+ Dex+5}
rElec   .            I - +2 cloak "Baedghuse" {rF+ rN+ Int-4 Dex+3}
rCorr   +            W - +3 pair of gauntlets of War {Slay+5}
SInv    +            K - +2 pair of boots "Hafrisuf" {rCorr Int+7 Dex-3}
Will    ++...        u - amulet of Vitality {RegenMP++ Regen++} Stlth
                     N - ring of the Hare {EV+10}
HPRegen 3.80/turn    t - ring of Balance {Fly rC++ rN+}
MPRegen 0.98/turn

%: clarity
@: confused, ambrosia-drunk, flying, studying 2 skills, unable to read, unable
to drink
A: horns 2, retaliatory headbutt, iridescent scales 1, clarity, clumsy 1, frail
1, screaming 1, heat vulnerability 1, inability to drink after injury 1,
inability to read after injury 1
}: 4/15 runes: decaying, slimy, silver, gossamer
a: Renounce Religion, Heroism, Finesse, Duel


You were on level 12 of a ziggurat.
You worshipped Okawaru.
Okawaru was extremely pleased with you.
You visited 12 branches of the dungeon, and saw 56 of its levels.
You visited the Abyss 2 times.
You visited 1 ziggurat, and saw 12 of its levels.
You also visited: Sewer, Gauntlet and Ice Cave.

You collected 10966 gold pieces.
You spent 4277 gold pieces at shops.

Inventory:

Hand Weapons
 d - the +8 broad axe "Xuilomio" (weapon) {elec, rC+ rN+}
   (You found it on level 3 of the Spider Nest)

   rC:        It protects you from cold.
   rN:        It protects you from negative energy.
 i - the +8 frozen axe "Frostbite" {freeze, freezing cloud, *Noise Fly rC+}
   (You found it on level 8 of the Dungeon)

   rC:        It protects you from cold.
   Fly:       It grants you flight.
   *Noise:    It may make noises in combat.
 n - the +3 executioner's axe of Tortfeasance {heavy, rElec rN+ Int+3 Dex-2}
   (Okawaru gifted it to you on level 4 of the Spider Nest)

   Int:       It affects your intelligence (+3).
   Dex:       It affects your dexterity (-2).
   rElec:     It insulates you from electricity.
   rN:        It protects you from negative energy.
 Q - a +6 heavy broad axe
 T - a +9 executioner's axe of holy wrath
Missiles
 s - a throwing net (quivered)
Armour
 a - a +5 kite shield of protection
 k - a +3 buckler of cold resistance (worn)
 p - the +4 dragonskin cloak
   (You took it off Tiamat on level 2 of the Realm of Zot)

   Avatar's Aegis: It grants the wearer a chance to resist fire, cold, poison,
   electricity, acid, and negative energy.
 B - the +2 hat of Ufeuhuxa (worn) {rF+ Regen+ Dex+5}
   (Okawaru gifted it to you on level 12 of the Dungeon)

   Dex:       It affects your dexterity (+5).
   rF:        It protects you from fire.
   Regen:     It increases your rate of health regeneration.
 I - the +2 cloak "Baedghuse" (worn) {rF+ rN+ Int-4 Dex+3}
   (Okawaru gifted it to you on level 14 of the Dungeon)

   Int:       It affects your intelligence (-4).
   Dex:       It affects your dexterity (+3).
   rF:        It protects you from fire.
   rN:        It protects you from negative energy.
 K - the +2 pair of boots "Hafrisuf" (worn) {rCorr Int+7 Dex-3}
   (You found it on level 14 of the Dungeon)

   Int:       It affects your intelligence (+7).
   Dex:       It affects your dexterity (-3).
   rCorr:     It protects you from acid and corrosion.
 U - the +8 orange crystal plate armour {Archmagi, Int+3 Clar}
   (Okawaru gifted it to you on level 5 of the Vaults)

   Int:       It affects your intelligence (+3).
   Clar:      It protects you from confusion, rage, mesmerisation and fear.
 W - the +3 pair of gauntlets of War (worn) {Slay+5}
   (Okawaru gifted it to you on level 1 of the Elven Halls)

   Slay:      It affects your accuracy & damage with ranged weapons and melee
   (+5).
 Z - the +10 chain mail of Dice, Bag, and Bottle (worn) {Regen+ Int+6 Dex-3 SInv}
   (You found it on level 3 of the Crypt)

   Int:       It affects your intelligence (+6).
   Dex:       It affects your dexterity (-3).
   SInv:      It lets you see invisible.
   Regen:     It increases your rate of health regeneration.
Jewellery
 c - a ring of the Octopus King {rCorr HP+2 AC+2 EV+2 SH+2}
   (You found it on level 5 of the Pits of Slime)

   [ring of resist corrosion]

   AC:        It affects your AC (+2).
   EV:        It affects your evasion (+2).
   HP:        It affects your health (+2).
   rCorr:     It protects you from acid and corrosion.
   SH:        It affects your SH (+2).
 h - the ring "Ysayst" {rPois Will+ Dex+2 Stlth+}
   (You bought it in a shop on level 2 of the Orcish Mines)

   [ring of willpower]

   Dex:       It affects your dexterity (+2).
   rPois:     It protects you from poison.
   Will:      It increases your willpower.
   Stlth:     It makes you more stealthy.
 o - the ring "Colawn" {rPois rC+}
   (You found it on level 5 of the Pits of Slime)

   [ring of poison resistance]

   rC:        It protects you from cold.
   rPois:     It protects you from poison.
 t - the ring of Balance (right hand) {Fly rC++ rN+}
   (You found it on level 5 of a ziggurat)

   [ring of positive energy]

   rC:        It greatly protects you from cold.
   rN:        It protects you from negative energy.
   Fly:       It grants you flight.
 u - the amulet of Vitality (around neck) {RegenMP++ Regen++}
   (You acquired it on level 2 of the Vaults)

   [amulet of magic regeneration]

   It increases your rate of magic regeneration.
   Regen:     It increases your rate of health regeneration.
 H - the ring of Vula {Dex+4 SInv}
   (You found it on level 3 of the Elven Halls)

   [ring of see invisible]

   Dex:       It affects your dexterity (+4).
   SInv:      It lets you see invisible.
 N - the ring of the Hare (left hand) {EV+10}
   (You found it in a Gauntlet)

   [ring of evasion]

   EV:        It affects your evasion (+10).
 Y - the ring "Arphel" {EV+5 Int+2}
   (You found it on level 3 of the Elven Halls)

   [ring of evasion]

   EV:        It affects your evasion (+5).
   Int:       It affects your intelligence (+2).
Wands
 C - a wand of light (48)
 E - a wand of digging (35)
Scrolls
 b - 4 scrolls of enchant armour
 j - 9 scrolls of immolation
 l - 2 scrolls of silence
 m - 22 scrolls of teleportation
 r - 13 scrolls of blinking
 w - 8 scrolls of fear
 z - 17 scrolls of fog
 P - 7 scrolls of magic mapping
Potions
 e - 33 potions of curing
 f - 2 potions of mutation
 g - 6 potions of heal wounds
 q - 13 potions of flight
 v - 11 potions of magic
 x - 6 potions of berserk rage
 F - 3 potions of invisibility
 G - 5 potions of ambrosia
 J - 2 potions of resistance
 L - 9 potions of haste
 M - 5 potions of cancellation
 O - 13 potions of attraction
Miscellaneous
 S - a condenser vane (inert)


   Skills:
 O Level 27 Fighting
 O Level 27 Axes
 O Level 27 Armour
 + Level 25.8 Dodging
 O Level 27 Shields


You had 26 spell levels left.
You didn't know any spells.
Your spell library contained the following spells:

 Spells                   Type           Power      Damage    Failure   Level
 Apportation              Tloc           0%         N/A       45%         1
 Beastly Appendage        Tmut           0%         N/A       45%         1
 Foxfire                  Conj/Fire      0%         2x1d4     45%         1
 Kiss of Death            Conj/Necr      0%         2d5       45%         1
 Magic Dart               Conj           0%         1d3       45%         1
 Necrotise                Necr           0%         1d4       45%         1
 Sandblast                Erth           0%         2d4       45%         1
 Slow                     Hex            0%         N/A       45%         1
 Blink                    Tloc           0%         N/A       58%         2
 Cigotuvi's Dreadful Rot  Necr/Pois/Air  0%         N/A       58%         2
 Ensorcelled Hibernation  Hex/Ice        0%         N/A       58%         2
 Lesser Beckoning         Tloc           0%         N/A       58%         2
 Momentum Strike          Conj/Tloc      0%         3d8       58%         2
 Passwall                 Tmut/Erth      0%         N/A       58%         2
 Poisonous Vapours        Pois/Air       0%         N/A       58%         2
 Scorch                   Fire           0%         2d5       58%         2
 Static Discharge         Conj/Air       0%         2-2/arc   58%         2
 Wereblood                Tmut           0%         N/A       58%         2
 Confusing Touch          Hex            0%         N/A       83%         3
 Frozen Ramparts          Ice            0%         1d1       83%         3
 Gell's Gravitas          Tloc           0%         N/A       83%         3
 Hailstorm                Conj/Ice       0%         3d3       83%         3
 Ignite Poison            Fire/Tmut/Pois 0%         N/A       83%         3
 Mephitic Cloud           Conj/Pois/Air  0%         N/A       83%         3
 Ozocubu's Armour         Ice            0%         N/A       83%         3
 Portal Projectile        Hex/Tloc       0%         N/A       83%         3
 Spider Form              Tmut/Pois      0%         N/A       83%         3
 Stone Arrow              Conj/Erth      0%         3d7       83%         3
 Swiftness                Air            0%         N/A       83%         3
 Teleport Other           Tloc           0%         N/A       83%         3
 Vampiric Draining        Necr           0%         2d6       83%         3
 Vhi's Electric Charge    Tloc/Air       0%         N/A       83%         3
 Volatile Blastmotes      Fire/Tloc      0%         2d10      83%         3
 Airstrike                Air            0%         2d(0-16)  99%         4
 Anguish                  Hex/Necr       0%         N/A       99%         4
 Cause Fear               Hex            0%         N/A       99%         4
 Dispel Undead            Necr           0%         3d6       99%         4
 Flame Wave               Conj/Fire      0%         2d4       99%         4
 Fulminant Prism          Conj/Hex       0%         3d5       99%         4
 Ice Form                 Ice/Tmut       0%         N/A       99%         4
 Iskenderun's Mystic Bla  Conj/Tloc      0%         2d3       99%         4
 Leda's Liquefaction      Hex/Erth       0%         N/A       99%         4
 Manifold Assault         Tloc           0%         N/A       99%         4
 Olgreb's Toxic Radiance  Pois           0%         N/A       99%         4
 Passage of Golubria      Tloc           0%         N/A       99%         4
 Sticky Flame             Conj/Fire      0%         2d3       99%         4
 Agony                    Necr           0%         N/A       100%        5
 Arcjolt                  Conj/Air       0%         1d10      100%        5
 Blade Hands              Tmut           0%         N/A       100%        5
 Borgnjor's Vile Clutch   Necr/Erth      0%         N/A       100%        5
 Fireball                 Conj/Fire      0%         3d3       100%        5
 Freezing Cloud           Conj/Ice/Air   0%         6-21      100%        5
 Iskenderun's Battlesphe  Conj           0%         2d6       100%        5
 Lee's Rapid Deconstruct  Erth           0%         3d4*      100%        5
 Metabolic Englaciation   Hex/Ice        0%         N/A       100%        5
 Silence                  Hex/Air        0%         N/A       100%        5
 Yara's Violent Unravell  Hex/Tmut       0%         3d3       100%        5
 Conjure Ball Lightning   Conj/Air       0%         3x3d6     100%        6
 Dispersal                Tloc           0%         N/A       100%        6
 Eringya's Noxious Bog    Tmut/Pois      0%         N/A       100%        6
 Iron Shot                Conj/Erth      0%         9d1       100%        6
 Plasma Beam              Fire/Air       0%         2x1d11    100%        6
 Starburst                Conj/Fire      0%         6d3       100%        6
 Statue Form              Tmut/Erth      0%         N/A       100%        6
 Dragon Form              Tmut           0%         N/A       100%        7
 Orb of Destruction       Conj           0%         9d5       100%        7
 Storm Form               Tmut/Air       0%         N/A       100%        7
 Discord                  Hex            0%         N/A       100%        8
 Disjunction              Tloc           0%         N/A       100%        8
 Ignition                 Fire           0%         3d3       100%        8
 Maxwell's Capacitive Co  Air            0%         ∞         100%        8
 Summon Small Mammal      Summ           Unusable   N/A       N/A         1
 Call Imp                 Summ           Unusable   N/A       N/A         2
 Call Canine Familiar     Summ           Unusable   N/A       N/A         3
 Tukima's Dance           Hex            Unusable   N/A       N/A         3
 Animate Armour           Summ/Erth      Unusable   N/A       N/A         4
 Animate Dead             Necr           Unusable   N/A       N/A         4
 Summon Ice Beast         Ice/Summ       Unusable   N/A       N/A         4
 Summon Lightning Spire   Summ/Air       Unusable   N/A       N/A         4
 Summon Forest            Summ/Tloc      Unusable   N/A       N/A         5
 Death Channel            Necr           Unusable   N/A       N/A         6
 Simulacrum               Ice/Necr       Unusable   N/A       N/A         6
 Summon Cactus Giant      Summ           Unusable   N/A       N/A         6
 Summon Hydra             Summ           Unusable   N/A       N/A         7
 Dragon's Call            Summ           Unusable   N/A       N/A         9

Dungeon Overview and Level Annotations

Branches:
Dungeon (15/15)            Temple (1/1) D:5            Lair (5/5) D:9
  Swamp (4/4) Lair:2       Spider (4/4) Lair:3        Slime (5/5) Lair:4
    Orc (2/2) D:12            Elf (3/3) Orc:2        Vaults (5/5) D:14
  Crypt (3/3) Vaults:2       Tomb (0/3) Crypt:3      Depths (4/4) D:15
    Zot (5/5) Depths:4      Sewer (visited)           IceCv (visited)
Gauntlet (visited)

Altars:
Ashenzari
Cheibriados
Dithmenos
Elyvilon
Fedhas
Gozag
Hepliaklqana
Kikubaaqudgha
Makhleb
Nemelex Xobeh
Okawaru
Qazlal
Ru
Sif Muna
Trog
Uskayaw
Vehumet
Wu Jian
Xom
Yredelemnul
Zin
The Shining One
Jiyva
Lugonu

Shops:
D:5 !   D:11 =*   Orc:2 !=[[=   Elf:1 (   Vaults:2 *   Vaults:3 !   Vaults:4 *
Depths:1 **   Depths:2 =   Depths:3 !([*

Portals:
Hell: Depths:1 Depths:2 Depths:3 Depths:4
Abyss: Depths:2 Depths:3 Depths:4
Pandemonium: Depths:2

Annotations:
Lair:4 Bananafolds's ghost, journeyman MfSk


Innate Abilities, Weirdness & Mutations

You have a pair of horns on your head.
You reflexively headbutt those who attack you in melee.
You are partially covered in iridescent scales. (AC +2)
You possess an exceptional clarity of mind.
You are clumsy. (Dex -2)
You are frail. (-10% HP)
You occasionally shout uncontrollably at your foes.
You are vulnerable to heat. (rF-)
You occasionally lose the ability to drink potions when taking damage.
You occasionally lose the ability to read scrolls when taking damage.


Message History

Unknown command.
You are too injured to fight recklessly!
You are too injured to fight recklessly!
Unknown command.
Unknown command.
You are too injured to fight recklessly!
You are too injured to fight recklessly!
Unknown command.
Unknown command.
Blink to where?
Press: ? - help, Dir - move target
As you read the scroll of blinking, it crumbles to dust.
You hear a howl!
You hear a shout!
Unknown command.
Unknown command.
Unknown command.
Okay, then.
You are confused.
You feel invigorated.
You hear a shout!
You hear a howl!
You hear a shout!
Unknown command.
Unknown command.
Unknown command.
The juggernaut rages.
You hear a shout!
The juggernaut rages. x2
Unknown command.
The juggernaut rages.
Unknown command.
The orc warrior rages.
You barely miss the juggernaut. You headbutt the juggernaut!
The juggernaut is lightly wounded.
You slash the juggernaut! The juggernaut hits you!!! The juggernaut hits you.
The juggernaut barely misses you. The juggernaut hits you!!!
You feel threatened and lose the ability to read scrolls!
* * * LOW HITPOINT WARNING * * *
You hear a shout!
The juggernaut hits you!!!!
You feel threatened and lose the ability to drink potions!
You die...

▓.........▓
▓▓▓▓.........▓▓▓▓▓▓▓
...................▓
).o.o..............▓
/.ooo..............▓
3.g.o.))o..........▓
!.OhC.o)..o.......∩▓
/.yOo)))....Oh.....▓
=..oO....o...CC.@..▓
...........y..CC...▓
...........o.......▓
▓▓▓▓.........▓▓▓▓▓▓▓
▓.........▓
▓.........▓ ......
▓▓▓


You could see 4 juggernauts, an orc high priest, a moth of wrath, a warg
(berserk), an orc sorcerer, an orc warrior (berserk) and an ogre.

Vanquished Creatures
  the Royal Jelly (Slime:5)
  2 dread liches (Vaults:5)
  7 orbs of fire
  Tiamat (Zot:2)
  2 ancient liches
  A juggernaut (Depths:3)
  A royal mummy (Zig:10)
  Sojobo (Vaults:4)
  Parghit (Zot:4)
  the Lernaean hydra (Swamp:4)
  Frederick (Depths:4)
  9 Killer Klowns (Zot:5)
  Xtahua (Vaults:4)
  The ghost of Ciwiv the Executioner, a veteran FoFi of Dithmenos (Crypt:2)
  2 curse toes
  3 caustic shrikes
  9 golden dragons
  A bone dragon (Abyss:2)
  Nikola (Swamp:3)
  Arachne (Spider:3)
  An iron giant (Zig:7)
  5 electric golems
  Zenata (Crypt:2)
  Rupert (Lair:4)
  5 liches
  A walking crystal tome (Depths:3)
  A walking earthen tome (Depths:2)
  3 quicksilver dragons
  15 tentacled monstrosities
  Mlioglotl (Spider:4)
  4 deep elf blademasters
  23 Orb Guardians (Zot:5)
  The ghost of Vygaq the Warrior, an adept DjFE of Ashenzari (Spider:3)
  A walking frostbound tome (Depths:1)
  A walking divine tome (Depths:2)
  4 deep elf master archers (Elf:3)
  13 acid blobs (Slime:5)
  3 titans
  4 ancient champions
  8 death cobs
  A thorn hunter (Swamp:3)
  Frances (Spider:1)
  2 sphinxes (shapeshifter)
  7 sphinxes
  Kirke (Lair:4)
  6 shadow dragons
  Agnes (Spider:1)
  15 storm dragons
  8 tengu reavers
  9 draconian monks
  Donald (Elf:1)
  The ghost of Galthrax the Fetichist, an adept GnFi of the Shining One (Swamp:1)
  The ghost of Sialonla the Warrior, an adept MfVM of Hepliaklqana (Depths:1)
  10 azure jellies
  10 rockslimes
  5 revenants
  A draconian knight (Zot:1)
  4 iron dragons
  12 frost giants
  20 vault wardens
  6 fire giants
  10 draconian scorchers
  9 deep elf sorcerers
  13 ghost moths
  4 emperor scorpions
  2 quicksilver elementals (Zig:7)
  Aizul (Elf:2)
  18 ironbound preservers
  2 draconian stormcallers
  5 deep elf elementalists (Elf:3)
  2 balrugs
  2 war gargoyles
  3 draconian shifters
  An orc warlord (Vaults:1)
  2 ghouls
  9 draconian annihilators
  17 stone giants
  2 curse skulls (Crypt:3)
  36 very ugly things
  A cacodemon (Zot:5)
  8 quicksilver oozes
  7 broodmothers
  7 reapers
  A stone giant (shapeshifter) (Vaults:5)
  18 green draconians
  2 deep elf demonologists
  Nessos (Lair:5)
  8 ironbound thunderhulks
  6 eleionomae
  4 vampire knights
  6 yellow draconians
  11 red draconians
  10 deep elf annihilators
  9 bunyips
  A lorocyproca (Depths:2)
  7 white draconians
  A minotaur (Gauntlet)
  7 dire elephants
  9 purple draconians
  4 spark wasps
  2 iron golems (Zig:7)
  8 black draconians
  11 eidola
  3 crystal guardians
  3 mummy priests
  6 ettins
  8 deep elf death magi
  2 spectral iron giants (Crypt:3)
  3 deep elf high priests
  5 shambling mangroves
  Josephine (D:10)
  9 fire dragons
  13 great orbs of eyes
  14 jiangshi
  15 yaktaur captains
  8 entropy weavers
  17 hydras
  Fannar (Orc:1)
  3 spriggan zombies
  36 vault guards
  7 ghost crabs
  3 peacekeepers
  3 catoblepae
  A caustic shrike simulacrum (IceCv)
  4 ogre magi
  3 rakshasas (Depths:1)
  4 spriggan air magi
  5 ice dragons
  A bennu zombie (Crypt:3)
  4 jorogumos
  A death knight (Crypt:1)
  A merfolk aquamancer (Zig:8)
  14 ironbound frosthearts
  8 boulder beetles
  37 dancing weapons
  A spriggan skeleton (Crypt:1)
  4 deep troll shamans
  2 spectral stone giants (Crypt:3)
  4 alligators
  18 centaur warriors
  9 death yaks (Lair:5)
  7 vampire magi
  6 two-headed ogres
  8 spriggan berserkers
  5 orc high priests
  10 deep troll earth magi
  11 tengu warriors
  2 soul eaters
  A shock serpent (shapeshifter) (Vaults:5)
  2 titan zombies (Crypt:1)
  3 sun demons
  23 deep elf knights
  A hell knight (Vaults:5)
  A thrashing horror (Abyss:2)
  A wretched star (Abyss:2)
  Sonja (Orc:1)
  A skyshark (Lair:4)
  A fire crab (D:14)
  5 pharaoh ants
  15 shadow wraiths (Crypt:3)
  A ghost moth zombie (Crypt:1)
  4 goliath frogs
  A spectral bunyip (Crypt:3)
  Amaemon (Lair:1)
  9 iron trolls
  A spatial maelstrom (Abyss:2)
  A golden dragon zombie (Zig:10)
  Lodul (D:13)
  9 orb spiders
  15 skeletal warriors
  2 sun moths
  A spectral anaconda (Crypt:3)
  4 bog bodies
  16 deep elf archers
  A swamp dragon (shapeshifter) (Vaults:5)
  12 flayed ghosts
  4 glowing orange brains
  4 obsidian statues
  70 deep trolls
  5 spriggan druids
  A spriggan simulacrum (IceCv)
  4 wizards
  21 phantasmal warriors
  9 swamp dragons
  33 deep elf zephyrmancers
  5 necromancers
  11 lindwurms
  A bunyip skeleton (Crypt:1)
  37 deep elf pyromancers
  12 orc knights
  12 steelbarb worms
  17 ironbound convokers
  21 wolf spiders
  45 ugly things
  A shining eye (shapeshifter) (Depths:4)
  4 orc sorcerers
  9 cyclopes
  4 shining eyes
  A cyclops (shapeshifter) (Vaults:5)
  A manticore (D:14)
  7 will-o-the-wisps
  A worldbinder (Abyss:2)
  A shadow dragon skeleton (Zig:10)
  A stone giant skeleton (Crypt:1)
  2 stone giant zombies
  2 rust devils
  A moth of wrath (shapeshifter) (Elf:3)
  An elephant (shapeshifter) (Vaults:5)
  Joseph (Lair:1)
  13 vault sentinels
  4 black mambas
  An elephant (Lair:1)
  A dire elephant zombie (Abyss:2)
  Maurice (D:9)
  A water nymph (shapeshifter) (Elf:1)
  33 moths of wrath
  2 eyes of devastation
  A naga mage (Zig:8)
  A centaur zombie (Crypt:1)
  2 smoke demons
  2 orange demons
  A cane toad (shapeshifter) (D:14)
  3 ice statues (Zig:1)
  2 gargoyles (Gauntlet)
  4 demonic crawlers
  The ghost of P0WERM0DE the Covert, a novice SpEE of Dithmenos (D:7)
  6 cane toads
  10 torpor snails
  Maggie (D:6)
  2 minotaur zombies
  4 unseen horrors
  6 rime drakes
  2 kobold demonologists
  6 tengu conjurers
  3 anaconda simulacra (IceCv)
  6 komodo dragons
  19 freezing wraiths
  5 ice devils
  A black draconian skeleton (Crypt:1)
  A minotaur skeleton (Crypt:1)
  30 yaktaurs
  4 efreet
  12 guardian mummies
  An ancient zyme (Abyss:2)
  A meliai (shapeshifter) (Elf:3)
  A red devil (Depths:2)
  11 meliai
  A harpy zombie (Crypt:1)
  A bloated husk (Swamp:4)
  Prince Ribbit (D:8)
  Grinder (D:4)
  4 polar bears
  28 hornets
  9 trolls
  16 tyrant leeches
  A guardian serpent zombie (Crypt:2)
  18 tarantellas
  21 dream sheep
  24 blink frogs
  36 jumping spiders
  71 slime creatures
  A jumping spider (shapeshifter) (D:13)
  2 water elementals (Elf:2)
  2 ynoxinuls
  9 flying skulls (Crypt:3)
  12 shadows
  A naga simulacrum (Crypt:1)
  5 wyverns
  20 wraiths
  3 vampires (D:15)
  13 culicivoras
  11 spriggans
  An ettin skeleton (Crypt:2)
  6 air elementals
  2 centaur simulacra (D:14)
  Eustachio (D:4)
  8 golden eyes
  35 redbacks
  A dire elephant simulacrum (IceCv)
  4 basilisks
  52 yaks
  6 hogs (Lair:4)
  Grum (D:10)
  2 steam dragons (Lair:5)
  3 chaos spawn
  5 neqoxecs
  2 fire elementals
  18 vampire mosquitoes
  Menkaure (D:6)
  An ogre zombie (Vaults:3)
  A human simulacrum (Vaults:3)
  10 small abominations
  6 minotaur simulacra (IceCv)
  A harpy simulacrum (IceCv)
  20 swamp worms
  6 wargs
  9 water moccasins
  Duvessa (D:6)
  4 acid dragons
  11 large abominations
  A water nymph skeleton (Crypt:3)
  3 floating eyes
  41 orc warriors
  A fire bat skeleton (Crypt:3)
  A swamp dragon zombie (Crypt:1)
  5 swamp drakes
  5 black bears
  A snapping turtle zombie (Crypt:3)
  2 boggarts
  An alligator simulacrum (IceCv)
  20 ogres
  17 wolves
  3 human skeletons
  7 centaurs
  2 kobold brigands
  A wyvern zombie (Crypt:3)
  A komodo dragon zombie (Crypt:3)
  14 bullfrogs
  2 earth elementals (Elf:1)
  A deep troll simulacrum (IceCv)
  A gnoll sergeant (D:9)
  6 scorpions
  4 wights (D:8)
  Dowan (D:6)
  A queen bee zombie (Crypt:2)
  9 howler monkeys
  20 electric eels
  2 lava snakes (D:10)
  A black bear zombie (Crypt:1)
  A human zombie (Crypt:1)
  A gnoll bouda (D:7)
  4 hounds
  8 jellies
  19 orc priests
  3 iron imps (Gauntlet)
  13 iguanas
  Ijyb (D:3)
  Natasha (thrice) (D:2)
  3 sleepcaps
  32 orc wizards
  2 lightning spires (Swamp:3)
  A naga zombie (Crypt:2)
  A tengu zombie (Crypt:1)
  3 mummies (Zig:10)
  Robin (D:4)
  9 adders
  12 gnolls
  A shadow imp (D:4)
  10 white imps
  3 ufetubi
  2 worms
  A dart slug (D:5)
  70 orcs
  7 bats
  A bat skeleton (Crypt:3)
  6 endoplasms
  9 giant cockroaches
  14 goblins
  12 hobgoblins
  3 jackals (D:3)
  7 quokkas
  3 ball pythons
  3 frilled lizards (Sewer)
  A hobgoblin skeleton (Crypt:3)
  A hobgoblin zombie (Crypt:1)
  12 kobolds
  11 rats
  3 spectral weapons
2570 creatures vanquished.

Vanquished Creatures (others)
  A shadow dragon (Zot:5)
  A draconian monk (Zot:1)
  2 draconian knights
  A draconian shifter (Zot:4)
  A very ugly thing (Depths:1)
  An eleionoma (Swamp:4)
  An entropy weaver (Spider:4)
  A vault guard (Vaults:5)
  An ogre mage (Vaults:5)
  An alligator (Swamp:4)
  A deep elf knight (Elf:2)
  A deep troll (Vaults:2)
  A deep elf archer (Elf:1)
  A deep elf zephyrmancer (Elf:1)
  A deep elf pyromancer (Elf:2)
  2 wizards
  A yaktaur (Vaults:5)
  2 bloated husks
  A jumping spider (Spider:4)
  A yak (Lair:5)
  A wraith (Zig:1)
  2 ball lightnings (Swamp:3)
  32 foxfires
58 creatures vanquished.

Grand Total: 2628 creatures vanquished

Notes
Turn   | Place    | Note
-------+----------+-------------------------------------------
     0 | D:1      | Dnvifnvgi the Minotaur Fighter began the quest for the Orb.
     0 | D:1      | Reached XP level 1. HP: 19/19 MP: 0/0
    69 | D:1      | Reached XP level 2. HP: 27/27 MP: 1/1
   437 | D:1      | Reached skill level 1 in Dodging
   563 | D:1      | Found a bloodstained altar of Trog.
   672 | D:2      | Found a shimmering altar of Xom.
   686 | D:2      | Noticed Natasha
   698 | D:2      | Killed Natasha
   699 | D:2      | Reached XP level 3. HP: 11/33 MP: 2/2
   961 | D:2      | Noticed Natasha
   964 | D:2      | Killed Natasha
   965 | D:2      | Reached XP level 4. HP: 40/40 MP: 3/3
   992 | D:2      | Found a faded altar of an unknown god.
  1117 | D:2      | Noticed Natasha
  1124 | D:2      | Killed Natasha
  1485 | D:3      | Reached XP level 5. HP: 47/47 MP: 4/4
  1560 | D:3      | Noticed Ijyb
  1573 | D:3      | Killed Ijyb
  2065 | D:4      | Found a sacrificial altar of Ru.
  2130 | D:4      | Found a glowing drain.
  2138 | Sewer    | Entered a sewer
  2323 | Sewer    | Reached XP level 6. HP: 35/55 MP: 5/5
  2325 | Sewer    | Reached skill level 5 in Fighting
  2325 | Sewer    | Reached skill level 5 in Armour
  2325 | Sewer    | Reached skill level 5 in Shields
  3105 | D:4      | Noticed Robin
  3117 | D:4      | Killed Robin
  3118 | D:4      | Reached XP level 7. HP: 54/61 MP: 6/6
  3537 | D:4      | Noticed Eustachio
  3549 | D:4      | Killed Eustachio
  3606 | D:4      | Noticed Grinder
  3629 | D:4      | Killed Grinder
  3630 | D:4      | Reached skill level 5 in Axes
  3805 | D:5      | Entered Level 5 of the Dungeon
  3815 | D:5      | Reached XP level 8. HP: 51/70 MP: 7/7
  4056 | D:5      | Found Qeyhataf's Distillery.
  4064 | D:5      | Bought a potion of berserk rage for 70 gold pieces
  4064 | D:5      | Bought a potion of degeneration for 14 gold pieces
  4086 | D:5      | Found a staircase to the Ecumenical Temple.
  4100 | Temple   | Entered the Ecumenical Temple
  4513 | Temple   | Became a worshipper of Warmaster Okawaru
  4990 | D:5      | Found a bloodstained altar of Trog.
  5118 | D:5      | Noticed a wizard
  5120 | D:5      | Killed a wizard
  5171 | D:5      | Reached skill level 5 in Dodging
  5445 | D:6      | Noticed Maggie
  5647 | D:6      | Found a burning altar of Makhleb.
  5663 | D:6      | Reached * piety under Okawaru
  5753 | D:6      | Reached XP level 9. HP: 75/79 MP: 8/8
  6068 | D:6      | Killed Maggie
  6068 | D:6      | Reached ** piety under Okawaru
  6276 | D:6      | Noticed Menkaure
  6291 | D:6      | Killed Menkaure
  6435 | D:6      | Noticed Duvessa
  6436 | D:6      | Noticed Dowan
  6444 | D:6      | Killed Duvessa
  6447 | D:6      | Killed Dowan
  6452 | D:6      | Gained mutation: Your mind is acute. (Int +4, Str/Dex -1)
                  | [potion of mutation]
  6452 | D:6      | Gained mutation: You have hidden genetic potential. [potion
                  | of mutation]
  6452 | D:6      | Gained mutation: Your skin changes colour to match your
                  | surroundings (Stealth+). [potion of mutation]
  6931 | D:7      | Noticed P0WERM0DE's ghost (novice SpEE)
  6932 | D:7      | Found a runed translucent gate.
  6936 | D:7      | Found a runed translucent gate.
  6936 | D:7      | Found a runed translucent gate.
  6994 | D:7      | Found a shimmering blue altar of Sif Muna.
  7132 | D:7      | Found a hazy altar of Hepliaklqana.
  7138 | D:7      | Found a white marble altar of Elyvilon.
  7142 | D:7      | Found a shadowy altar of Dithmenos.
  7610 | D:7      | Found an opulent altar of Gozag.
  7891 | D:7      | Killed P0WERM0DE's ghost
  7891 | D:7      | Reached *** piety under Okawaru
  7892 | D:7      | Reached XP level 10. HP: 81/90 MP: 9/9
  8957 | D:8      | Reached **** piety under Okawaru
  8957 | D:8      | Received a gift from Okawaru
  8965 | D:8      | Gained mutation: You are agile. (Dex +4, Str/Int -1)
                  | [hidden potential]
  9306 | D:8      | Noticed a catoblepas
  9337 | D:8      | HP: 3/91 [catoblepas (3)]
  9342 | D:8      | HP: 1/91 [catoblepas (2)]
  9354 | D:8      | Killed a catoblepas
  9482 | D:8      | Paralysed by a hornet for 2 turns
  9832 | D:8      | Noticed Prince Ribbit
  9849 | D:8      | Killed Prince Ribbit
 10014 | D:8      | Reached XP level 11. HP: 85/99 MP: 10/10
 10016 | D:8      | Reached ***** piety under Okawaru
 10017 | D:8      | Reached skill level 10 in Armour
 10017 | D:8      | Reached skill level 10 in Shields
 10126 | D:8      | Found the +8 frozen axe "Frostbite" {freeze, freezing
                  | cloud, *Noise Fly rC+}
 10248 | D:9      | Noticed Maurice
 10253 | D:9      | Paralysed by Maurice for 4 turns
 10258 | D:9      | Reached skill level 10 in Fighting
 10260 | D:9      | Killed Maurice
 10409 | D:9      | Gained mutation: Your natural rate of healing is unusually
                  | fast. [hidden potential]
 10409 | D:9      | Lost mutation: You have hidden genetic potential. [hidden
                  | potential expressed]
 10690 | D:9      | Identified the +1 broad axe of Redergh {protect, Contam
                  | *Rage rN+ Dex+4} (Okawaru gifted it to you on level 9 of
                  | the Dungeon)
 10690 | D:9      | Received a gift from Okawaru
 10925 | D:9      | Found a staircase to the Lair.
 10928 | D:9      | Reached skill level 10 in Axes
 10951 | D:10     | Entered Level 10 of the Dungeon
 10980 | D:10     | Noticed Josephine
 10992 | D:10     | Killed Josephine
 11007 | D:10     | Noticed Grum
 11013 | D:10     | Killed Grum
 11176 | D:10     | Found a hide-covered altar of Uskayaw.
 11409 | D:10     | Identified the +9 hand axe "Uplonosk" {venom, rPois Dex+2}
                  | (Okawaru gifted it to you on level 10 of the Dungeon)
 11409 | D:10     | Received a gift from Okawaru
 11433 | D:10     | Found a glowing silver altar of Zin.
 11842 | D:11     | Noticed a two-headed ogre
 11846 | D:11     | Killed a two-headed ogre
 12131 | D:11     | Found Gilyoj's Goods Gallery.
 12256 | D:11     | Found Wotyrch's Jewellery Shop.
 12363 | D:11     | Reached XP level 12. HP: 91/110 MP: 11/11
 12838 | D:12     | Noticed a boulder beetle
 12843 | D:12     | Killed a boulder beetle
 12911 | D:12     | Identified the +2 hat of Ufeuhuxa {rF+ Regen+ Dex+5}
                  | (Okawaru gifted it to you on level 12 of the Dungeon)
 12911 | D:12     | Received a gift from Okawaru
 12916 | D:12     | Reached skill level 10 in Dodging
 13018 | D:12     | Noticed a two-headed ogre
 13025 | D:12     | Killed a two-headed ogre
 13341 | D:12     | Found a staircase to the Orcish Mines.
 13351 | D:12     | Noticed a two-headed ogre
 13352 | D:12     | Noticed a two-headed ogre
 13357 | D:12     | Killed a two-headed ogre
 13360 | D:12     | Killed a two-headed ogre
 13664 | D:13     | Noticed a centaur warrior
 13667 | D:13     | Killed a centaur warrior
 14058 | D:13     | Noticed a boulder beetle
 14061 | D:13     | Killed a boulder beetle
 14133 | D:13     | Noticed Lodul
 14145 | D:13     | Killed Lodul
 14145 | D:13     | Reached ****** piety under Okawaru
 14147 | D:13     | Reached XP level 13. HP: 74/119 MP: 12/12
 14867 | D:14     | Identified the +2 cloak "Baedghuse" {rF+ rN+ Int-4 Dex+3}
                  | (Okawaru gifted it to you on level 14 of the Dungeon)
 14867 | D:14     | Received a gift from Okawaru
 15040 | D:14     | Noticed a purple very ugly thing
 15050 | D:14     | Killed a purple very ugly thing
 15051 | D:14     | Identified the +2 pair of boots "Hafrisuf" {rCorr Int+7
                  | Dex-3}
 15108 | D:14     | Got the Information on the Discharge
 15320 | D:14     | Identified the +5 dire flail of Qexkui {freeze, rF+ Str-4
                  | Dex+4}
 15524 | D:14     | Found a radiant altar of Vehumet.
 15622 | D:14     | Found a gate to the Vaults.
 16147 | Lair:1   | Entered Level 1 of the Lair of Beasts
 16227 | Lair:1   | Noticed Joseph
 16241 | Lair:1   | Killed Joseph
 16688 | Lair:1   | Noticed Amaemon
 16696 | Lair:1   | Killed Amaemon
 17047 | Lair:2   | Received a gift from Okawaru
 17047 | Lair:2   | Found the +7 Kryia's mail coat {PotionHeal*2 rC+}
 17094 | Lair:2   | Found a staircase to the Swamp.
 17176 | Lair:2   | Reached XP level 14. HP: 130/130 MP: 13/13
 17723 | Lair:3   | Found a gate leading to a gauntlet.
 17756 | Lair:3   | Found a hole to the Spider Nest.
 17781 | Gauntlet | Entered a Gauntlet
 17781 | Gauntlet | Found a large runed translucent door.
 17781 | Gauntlet | Found a large runed translucent door.
 17781 | Gauntlet | Found a large runed translucent door.
 17781 | Gauntlet | Found a large runed translucent door.
 17781 | Gauntlet | Found a large runed translucent door.
 17781 | Gauntlet | Found a large runed translucent door.
 17781 | Gauntlet | Found a large runed translucent door.
 17781 | Gauntlet | Found a large runed translucent door.
 17781 | Gauntlet | Found a runed translucent door.
 17781 | Gauntlet | Found a runed translucent gate.
 17781 | Gauntlet | Found a transporter.
 17781 | Gauntlet | Found a transporter.
 17781 | Gauntlet | Found a runed translucent gate.
 17781 | Gauntlet | Found a transporter.
 17782 | Gauntlet | Identified a scroll of acquirement
 17782 | Gauntlet | Acquired 777 gold pieces
 17786 | Gauntlet | Found a transporter.
 17789 | Gauntlet | Found a transporter.
 17796 | Gauntlet | Found a runed translucent gate.
 17798 | Gauntlet | Found a large runed translucent door.
 17799 | Gauntlet | Found a large runed translucent door.
 17804 | Gauntlet | Found a transporter.
 17809 | Gauntlet | Found a transporter.
 17824 | Gauntlet | Found a transporter.
 17832 | Gauntlet | Found a transporter.
 17883 | Gauntlet | Found a runed translucent door.
 17884 | Gauntlet | Found a large runed translucent door.
 17884 | Gauntlet | Found a large runed translucent door.
 17884 | Gauntlet | Found a large runed translucent door.
 17884 | Gauntlet | Found a large runed translucent door.
 17885 | Gauntlet | Found a large runed translucent door.
 17886 | Gauntlet | Found a large runed translucent door.
 17890 | Gauntlet | Found a transporter.
 17900 | Gauntlet | Found a transporter.
 17931 | Gauntlet | Found a transporter.
 17934 | Gauntlet | Found the ring of the Hare {EV+10}
 18282 | Gauntlet | Gained mutation: Your body sometimes deteriorates upon
                  | taking damage. [a shining eye]
 18284 | Gauntlet | Paralysed by a floating eye for 4 turns
 18286 | Gauntlet | Gained mutation: You occasionally lose the ability to drink
                  | potions when taking damage. [a shining eye]
 18288 | Gauntlet | Gained mutation: You occasionally shout uncontrollably at
                  | your foes. [a shining eye]
 18749 | Lair:3   | Found a sacrificial altar of Ru.
 19186 | Lair:4   | Found a viscous altar of Jiyva.
 19187 | Lair:4   | Found a staircase to the Slime Pits.
 19268 | Lair:4   | Noticed Rupert
 19285 | Lair:4   | Killed Rupert
 19285 | Lair:4   | Received a gift from Okawaru
 19504 | Lair:4   | Noticed Kirke
 19600 | Lair:4   | Found a runed translucent gate.
 19600 | Lair:4   | Found a runed translucent gate.
 19600 | Lair:4   | Found a runed translucent gate.
 19675 | Lair:4   | Noticed Bananafolds's ghost (journeyman MfSk)
 20143 | Lair:4   | Killed Kirke
 20149 | Lair:5   | Entered Level 5 of the Lair of Beasts
 20190 | Lair:5   | Noticed Nessos
 20219 | Lair:5   | Killed Nessos
 20283 | Lair:5   | Reached XP level 15. HP: 139/139 MP: 14/14
 20311 | Lair:5   | Received a gift from Okawaru
 20366 | Lair:5   | Reached skill level 15 in Fighting
 20370 | Lair:5   | Reached skill level 15 in Shields
 20373 | Lair:5   | Reached skill level 15 in Armour
 20694 | Lair:5   | Found a runed translucent door.
 20770 | Lair:5   | Reached skill level 15 in Axes
 20777 | Lair:5   | Identified the +0 plate armour of Xellic {rCorr} (Okawaru
                  | gifted it to you on level 5 of the Lair of Beasts)
 20777 | Lair:5   | Received a gift from Okawaru
 21406 | Orc:1    | Entered Level 1 of the Orcish Mines
 21503 | Orc:1    | Noticed Sonja
 21515 | Orc:1    | Killed Sonja
 21537 | Orc:1    | Noticed Fannar
 21553 | Orc:1    | Killed Fannar
 21777 | Orc:2    | Entered Level 2 of the Orcish Mines
 21777 | Orc:2    | Found Anoweklu's Jewellery Emporium.
 21797 | Orc:2    | Found a staircase to the Elven Halls.
 22035 | Orc:2    | Lost intelligence.
 22035 | Orc:2    | Lost mutation: Your mind is acute. (Int +4, Str/Dex -1)
                  | [potion of mutation]
 22035 | Orc:2    | Lost mutation: You occasionally lose the ability to drink
                  | potions when taking damage. [potion of mutation]
 22035 | Orc:2    | Gained mutation: You have a pair of large horns on your
                  | head. [potion of mutation]
 22047 | Orc:2    | Lost mutation: You occasionally shout uncontrollably at
                  | your foes. [potion of mutation]
 22047 | Orc:2    | Lost mutation: Your natural rate of healing is unusually
                  | fast. [potion of mutation]
 22047 | Orc:2    | Lost mutation: Your body sometimes deteriorates upon taking
                  | damage. [potion of mutation]
 22047 | Orc:2    | Gained mutation: You expend magic power (3 MP) to
                  | strengthen your wands. [potion of mutation]
 22047 | Orc:2    | Gained mutation: Armour fits poorly on your strangely
                  | shaped body. [potion of mutation]
 22047 | Orc:2    | Gained mutation: You passively map a small area around you.
                  | [potion of mutation]
 22048 | Orc:2    | Lost mutation: You have a pair of large horns on your head.
                  | [potion of mutation]
 22048 | Orc:2    | Lost mutation: Armour fits poorly on your strangely shaped
                  | body. [potion of mutation]
 22048 | Orc:2    | Gained mutation: Your mind is acute. (Int +4, Str/Dex -1)
                  | [potion of mutation]
 22048 | Orc:2    | Gained mutation: Your magical capacity is low. (-10% MP)
                  | [potion of mutation]
 22048 | Orc:2    | Gained mutation: You occasionally lose the ability to read
                  | scrolls when taking damage. [potion of mutation]
 22048 | Orc:2    | Gained mutation: Your flesh is heat resistant. (rF+)
                  | [potion of mutation]
 22365 | Orc:2    | Found Quybufe's Distillery.
 22365 | Orc:2    | Found Axtutuaz's Armour Boutique.
 22369 | Orc:2    | Found Rimuor's Jewellery Shoppe.
 22369 | Orc:2    | Found Vyzyan's Antique Armour Boutique.
 22375 | Orc:2    | Bought a potion of mutation for 88 gold pieces
 22375 | Orc:2    | Bought a potion of invisibility for 88 gold pieces
 22375 | Orc:2    | Bought a potion of invisibility for 88 gold pieces
 22375 | Orc:2    | Bought a potion of mutation for 88 gold pieces
 22375 | Orc:2    | Bought a potion of ambrosia for 88 gold pieces
 22375 | Orc:2    | Bought a potion of resistance for 110 gold pieces
 22375 | Orc:2    | Bought a potion of might for 44 gold pieces
 22375 | Orc:2    | Bought a potion of cancellation for 88 gold pieces
 22706 | D:15     | Entered Level 15 of the Dungeon
 23197 | D:15     | Received a gift from Okawaru
 23198 | D:15     | Reached XP level 16. HP: 146/151 MP: 13/13
 23242 | D:15     | Found a staircase to the Depths.
 23443 | D:15     | Found a burning altar of Makhleb.
 23787 | Swamp:1  | Entered Level 1 of the Swamp
 24188 | Orc:2    | Bought the ring "Ysayst" {rPois Will+ Dex+2 Stlth+} for 691
                  | gold pieces
 24479 | Swamp:1  | Found a runed translucent door.
 24489 | Swamp:1  | Identified the +4 trident of Fate {freeze, rElec Int-3
                  | Dex+4}
 24494 | Swamp:1  | Noticed Galthrax's ghost (adept GnFi)
 24513 | Swamp:1  | Killed Galthrax's ghost
 24586 | Swamp:1  | Identified the +1 scale mail of the Festooned Wumpus {rElec
                  | Stlth+}
 24788 | Swamp:1  | Received a gift from Okawaru
 24988 | Swamp:2  | You are sucked into a shaft and drop 1 floor!
 24988 | Swamp:3  | Noticed Nikola
 25047 | Swamp:2  | Found a frozen archway.
 25052 | IceCv    | Entered an ice cave
 25136 | IceCv    | Reached skill level 15 in Dodging
 26246 | Swamp:3  | Noticed a thorn hunter
 26256 | Swamp:3  | Killed a thorn hunter
 26256 | Swamp:3  | Identified the +4 rapier "Barphoamm" {flame, rC+ rCorr
                  | Dex+2 Stlth+} (Okawaru gifted it to you on level 3 of the
                  | Swamp)
 26256 | Swamp:3  | Received a gift from Okawaru
 26260 | Swamp:3  | Killed Nikola
 26278 | Swamp:3  | Reached XP level 17. HP: 112/161 MP: 14/14
 26645 | Swamp:4  | Entered Level 4 of the Swamp
 26665 | Swamp:4  | Noticed the 27-headed Lernaean hydra
 26674 | Swamp:4  | Received a gift from Okawaru
 26675 | Swamp:4  | Killed the 26-headed Lernaean hydra
 26684 | Swamp:4  | Received a gift from Okawaru
 27109 | Swamp:4  | Got a decaying rune of Zot
 27377 | Spider:1 | Entered Level 1 of the Spider Nest
 27377 | Spider:1 | Noticed Frances
 27382 | Spider:1 | Killed Frances
 27625 | Spider:1 | Noticed Agnes
 27629 | Spider:1 | Killed Agnes
 28166 | Spider:2 | Identified the scarf of Cezapsekk {+Inv, rElec Dex+5 SInv}
                  | (Okawaru gifted it to you on level 2 of the Spider Nest)
 28166 | Spider:2 | Received a gift from Okawaru
 29406 | Spider:3 | Noticed Arachne
 29414 | Spider:3 | Killed Arachne
 29481 | Spider:3 | Found a runed translucent door.
 29482 | Spider:3 | Noticed Vygaq's ghost (adept DjFE)
 29494 | Spider:3 | Killed Vygaq's ghost
 29495 | Spider:3 | Reached XP level 18. HP: 119/172 MP: 15/15
 29499 | Spider:3 | Identified the +8 broad axe "Xuilomio" {elec, rC+ rN+}
 29671 | Spider:4 | Entered Level 4 of the Spider Nest
 29674 | Spider:4 | Noticed Mlioglotl
 29681 | Spider:4 | Killed Mlioglotl
 30240 | Spider:4 | Identified the +3 executioner's axe of Tortfeasance {heavy,
                  | rElec rN+ Int+3 Dex-2} (Okawaru gifted it to you on level 4
                  | of the Spider Nest)
 30240 | Spider:4 | Received a gift from Okawaru
 30254 | Spider:4 | Paralysed by a jorogumo for 2 turns
 30364 | Spider:4 | Identified the +3 leather armour of the Arcane {rPois rN+++
                  | Int-3 Dex-4}
 30371 | Spider:4 | Lost mutation: Your mind is acute. (Int +4, Str/Dex -1)
                  | [potion of mutation]
 30371 | Spider:4 | Lost mutation: Your skin changes colour to match your
                  | surroundings (Stealth+). [potion of mutation]
 30371 | Spider:4 | Lost mutation: You are agile. (Dex +4, Str/Int -1) [potion
                  | of mutation]
 30371 | Spider:4 | Lost mutation: Your flesh is heat resistant. (rF+) [potion
                  | of mutation]
 30371 | Spider:4 | Gained mutation: You are vulnerable to heat. (rF-) [potion
                  | of mutation]
 30371 | Spider:4 | Gained mutation: You are partially covered in large bone
                  | plates. (SH +4) [potion of mutation]
 30372 | Spider:4 | Lost mutation: You passively map a small area around you.
                  | [potion of mutation]
 30372 | Spider:4 | Lost mutation: You expend magic power (3 MP) to strengthen
                  | your wands. [potion of mutation]
 30372 | Spider:4 | Gained mutation: You have very sharp teeth. [potion of
                  | mutation]
 30372 | Spider:4 | Lost mutation: You have very sharp teeth. [potion of
                  | mutation]
 30373 | Spider:4 | Lost mutation: You are vulnerable to heat. (rF-) [potion of
                  | mutation]
 30373 | Spider:4 | Lost mutation: Your magical capacity is low. (-10% MP)
                  | [potion of mutation]
 30373 | Spider:4 | Lost mutation: You are partially covered in large bone
                  | plates. (SH +4) [potion of mutation]
 30373 | Spider:4 | Gained mutation: You are robust. (+10% HP) [potion of
                  | mutation]
 30373 | Spider:4 | Gained mutation: You have large cloven feet. [potion of
                  | mutation]
 30374 | Spider:4 | Lost mutation: You have large cloven feet. [potion of
                  | mutation]
 30374 | Spider:4 | Lost mutation: You occasionally lose the ability to read
                  | scrolls when taking damage. [potion of mutation]
 30374 | Spider:4 | Lost mutation: You are robust. (+10% HP) [potion of
                  | mutation]
 30374 | Spider:4 | Gained mutation: You are partially covered in iridescent
                  | scales. (AC +2) [potion of mutation]
 30374 | Spider:4 | Gained mutation: You are dopey. (Int -2) [potion of
                  | mutation]
 30374 | Spider:4 | Gained mutation: You expend magic power (3 MP) to
                  | strengthen your wands. [potion of mutation]
 30374 | Spider:4 | Gained mutation: Your muscles are strong. (Str +4, Int/Dex
                  | -1) [potion of mutation]
 30460 | Spider:4 | Got a gossamer rune of Zot
 30944 | Vaults:1 | Entered Level 1 of the Vaults
 31008 | Vaults:1 | Identified the +4 ring mail of Refuge {*Slow rElec rC+}
                  | (Okawaru gifted it to you on level 1 of the Vaults)
 31008 | Vaults:1 | Received a gift from Okawaru
 32298 | Vaults:2 | Reached XP level 19. HP: 180/183 MP: 18/18
 32366 | Vaults:2 | Found Xabbyn's General Store.
 32374 | Vaults:2 | Bought a scroll of acquirement for 832 gold pieces
 32374 | Vaults:2 | Bought a scroll of blinking for 120 gold pieces
 32376 | Vaults:2 | Acquired the amulet of Vitality {RegenMP++ Regen++}
 32376 | Vaults:2 | Found the amulet of Vitality {RegenMP++ Regen++}
 32502 | Vaults:2 | Identified the +4 ring mail "Vufe" {-Tele Will+++ rCorr
                  | Stlth+} (Okawaru gifted it to you on level 2 of the Vaults)
 32502 | Vaults:2 | Received a gift from Okawaru
 32608 | Vaults:2 | Identified the +0 kite shield of a Thousand Hells {+Inv Fly
                  | rF- rC+}
 32864 | Vaults:2 | Found a staircase to the Crypt.
 32864 | Vaults:2 | Found an ancient bone altar of Kikubaaqudgha.
 32865 | Vaults:2 | Found a basalt altar of Yredelemnul.
 32951 | Vaults:2 | Noticed an ancient lich
 33056 | Vaults:2 | You fall into a shaft and drop 1 floor!
 33275 | Vaults:3 | Identified the +0 chain mail "Hatimm" {Slay+2} (Okawaru
                  | gifted it to you on level 3 of the Vaults)
 33275 | Vaults:3 | Received a gift from Okawaru
 33373 | Vaults:3 | Found Heogankina's Distillery.
 33410 | Vaults:3 | Bought a potion of might for 80 gold pieces
 33410 | Vaults:3 | Bought a potion of haste for 200 gold pieces
 33410 | Vaults:3 | Bought a potion of heal wounds for 100 gold pieces
 33410 | Vaults:3 | Bought a potion of curing for 60 gold pieces
 33410 | Vaults:3 | Bought a potion of haste for 200 gold pieces
 33410 | Vaults:3 | Bought a potion of curing for 60 gold pieces
 33512 | Vaults:3 | Identified the +8 whip of Foolhardiness {drain, Contam rC++
                  | rN+ Stlth+}
 33516 | Vaults:3 | Identified the +9 dagger "Minotaur's Curse" {venom, *Noise
                  | rCorr Dex+8}
 33755 | Vaults:3 | Paralysed by a great orb of eyes for 5 turns
 34210 | Vaults:2 | Reached XP level 20. HP: 187/193 MP: 19/19
 34586 | Vaults:4 | Noticed Sojobo
 34591 | Vaults:4 | Paralysed by an air elemental for 1 turns
 34611 | Vaults:4 | Killed Sojobo
 34680 | Vaults:4 | Noticed Xtahua
 34690 | Vaults:4 | Killed Xtahua
 34715 | Vaults:4 | Received a gift from Okawaru
 34907 | Vaults:4 | Found Zoatifeg's General Store.
 34916 | Vaults:4 | Bought a potion of curing for 48 gold pieces
 35093 | Vaults:4 | Received a gift from Okawaru
 35616 | Vaults:5 | Entered Level 5 of the Vaults
 35740 | Vaults:4 | Identified the +6 hand axe "Ydghif" {heavy, rElec rPois
                  | Str+6} (Okawaru gifted it to you on level 4 of the Vaults)
 35740 | Vaults:4 | Received a gift from Okawaru
 35891 | Vaults:4 | Reached XP level 21. HP: 161/204 MP: 20/20
 36177 | Vaults:5 | Identified the staff of air "Bozommil" {rElec rPois rCorr
                  | Str-5 Dex+6}
 36184 | Vaults:5 | Received a gift from Okawaru
 36184 | Vaults:5 | Found the +8 orange crystal plate armour {Archmagi, Int+3
                  | Clar}
 36186 | Vaults:5 | Noticed a golden dragon
 36188 | Vaults:5 | Noticed a dread lich
 36192 | Vaults:5 | Killed a golden dragon
 36192 | Vaults:5 | Paralysed by a dread lich for 4 turns
 36197 | Vaults:5 | Killed a dread lich
 36275 | Vaults:5 | Identified the +1 short sword "Zaxtuime" {heavy, rF- rC+
                  | Int+2 SInv}
 36393 | Vaults:5 | Paralysed by a sphinx for 2 turns
 36454 | Vaults:5 | Identified the +0 falchion of Responsibility {freeze,
                  | Will++ rCorr SInv}
 36532 | Vaults:5 | Noticed a dread lich
 36533 | Vaults:5 | Noticed a golden dragon
 36534 | Vaults:5 | Paralysed by a dread lich for 4 turns
 36543 | Vaults:5 | Identified the ring of the Will of the Gods {Fire rElec
                  | Will- Int-5 Dex+8}
 36565 | Vaults:5 | Noticed an ancient lich
 36571 | Vaults:5 | Killed an ancient lich
 36662 | Vaults:5 | Killed a golden dragon
 36664 | Vaults:5 | Killed a dread lich
 36927 | Vaults:5 | Received a gift from Okawaru
 37200 | Vaults:5 | Got a silver rune of Zot
 37565 | Elf:1    | Entered Level 1 of the Elven Halls
 37664 | Elf:1    | Paralysed by an air elemental for 1 turns
 37688 | Elf:1    | Found a radiant altar of Vehumet.
 37726 | Elf:1    | Noticed Donald
 37732 | Elf:1    | Killed Donald
 38181 | Elf:1    | Found Ekhyceuq's Antique Weapon Shoppe.
 38234 | Elf:1    | Received a gift from Okawaru
 38234 | Elf:1    | Found the +3 pair of gauntlets of War {Slay+5}
 38447 | Elf:2    | Noticed Aizul
 38448 | Elf:2    | Paralysed by an air elemental for 1 turns
 38451 | Abyss:2  | Cast into level 2 of the Abyss (a deep elf sorcerer)
 38470 | Abyss:2  | Found a corrupted altar of Lugonu.
 38527 | Abyss:2  | Reached XP level 22. HP: 207/215 MP: 21/21
 38527 | Abyss:2  | Lost mutation: You are dopey. (Int -2) [a neqoxec]
 38528 | Abyss:2  | Gained mutation: You are robust. (+10% HP) [a neqoxec]
 38529 | Abyss:2  | Gained mutation: Potions are less effective at restoring
                  | your health. [a neqoxec]
 38791 | Abyss:2  | Gained mutation: You occasionally shout uncontrollably at
                  | your foes. [a neqoxec]
 38841 | Elf:2    | Escaped the Abyss
 38847 | Elf:2    | Killed Aizul
 39230 | Elf:2    | Found a runed translucent gate.
 39230 | Elf:2    | Found a runed translucent gate.
 39259 | Elf:2    | Found a runed translucent gate.
 39513 | Elf:3    | Entered Level 3 of the Elven Halls
 39579 | Elf:3    | Received a gift from Okawaru
 39987 | Elf:3    | Paralysed by a floating eye for 3 turns
 40015 | Elf:3    | Gained mutation: Your magical capacity is low. (-10% MP) [a
                  | cacodemon]
 40144 | Elf:3    | Identified the staff of air "Weonaut" {rElec rF+ SInv}
 40156 | Elf:3    | Identified the ring of Woptoen {Drain rPois rCorr SInv
                  | Stlth+}
 40162 | Elf:3    | Identified the ring "Arphel" {EV+5 Int+2}
 40177 | Elf:3    | Identified the ring "Mun Amp" {Fire Will+++ Str+4 Dex-4}
 40203 | Elf:3    | Identified the ring of Vula {Dex+4 SInv}
 40247 | Elf:3    | Identified the +7 shortbow of Rotation {drain, rN+ Dex+2
                  | Stlth-}
 40263 | Elf:3    | Identified the +1 hand axe of Imminent Death {drain, rElec
                  | rF- rN+++ Will-}
 40285 | Elf:3    | Identified the amulet of Zotranab {RegenMP rF+}
 40558 | Elf:2    | Identified the +4 crystal plate armour of the Good {rN+}
                  | (Okawaru gifted it to you on level 2 of the Elven Halls)
 40558 | Elf:2    | Received a gift from Okawaru
 41036 | Crypt:1  | Entered Level 1 of the Crypt
 41675 | Crypt:1  | Reached XP level 23. HP: 244/247 MP: 19/19
 41709 | Crypt:1  | Found a basalt altar of Yredelemnul.
 41803 | Crypt:2  | Identified the +3 leather armour "Beystyfi" {Will+ MP+9}
 41845 | Crypt:2  | Noticed Zenata
 41855 | Crypt:2  | Killed Zenata
 42049 | Crypt:2  | Found a transporter.
 42050 | Crypt:2  | Noticed Ciwiv's ghost (veteran FoFi)
 42053 | Crypt:2  | Found a transporter.
 42453 | Crypt:2  | Killed Ciwiv's ghost
 42477 | Crypt:2  | Got the Incunable of Cleavage and Aeromancy
 42483 | Crypt:2  | Identified the staff of earth "Yxzotot" {rC++ Str-5 Stlth+}
 42533 | Crypt:3  | Entered Level 3 of the Crypt
 42565 | Crypt:3  | Identified the +3 ring mail of the Sparrow {rF+ Str+6 Int+2
                  | Stlth-} (Okawaru gifted it to you on level 3 of the Crypt)
 42565 | Crypt:3  | Received a gift from Okawaru
 42762 | Crypt:3  | Found an ancient bone altar of Kikubaaqudgha.
 43402 | Crypt:3  | Found a staircase to the Tomb.
 43505 | Crypt:3  | Identified the +10 chain mail of Dice, Bag, and Bottle
                  | {Regen+ Int+6 Dex-3 SInv}
 43813 | Depths:1 | Entered Level 1 of the Depths
 43878 | Depths:1 | Received a gift from Okawaru
 43913 | Depths:1 | Identified the -1 pair of gloves of the Pleiades {rC+ Str+2
                  | SInv} (Okawaru gifted it to you on level 1 of the Depths)
 43913 | Depths:1 | Received a gift from Okawaru
 44015 | Depths:1 | Found a runed translucent gate.
 44016 | Depths:1 | Found a runed translucent gate.
 44016 | Depths:1 | Found an opulent altar of Gozag.
 44017 | Depths:1 | Found a runed translucent gate.
 44020 | Depths:1 | Noticed Sialonla's ghost (adept MfVM)
 44021 | Depths:1 | Found Xas Xeif's Assorted Antiques.
 44041 | Depths:1 | Killed Sialonla's ghost
 44096 | Depths:1 | Bought an opal ring for 190 gold pieces
 44096 | Depths:1 | Bought a potion of curing for 114 gold pieces
 44132 | Depths:1 | Found a gateway to Hell.
 44240 | Depths:1 | Reached XP level 24. HP: 260/260 MP: 19/19
 44384 | Depths:1 | Found Ypnisim's Neck Hole.
 44752 | Depths:1 | Found a sparkling altar of Nemelex Xobeh.
 44970 | Depths:2 | Found a stormy altar of Qazlal.
 44974 | Depths:2 | Found Ezukk's Jewellery Shop.
 45238 | Depths:2 | Found a one-way gateway to a ziggurat.
 45368 | Depths:2 | Identified the +4 flail "Numyirgh" {heavy, rF+++ rC- rCorr
                  | MP-9}
 45370 | Depths:2 | Found a corrupted altar of Lugonu.
 45370 | Depths:2 | Found a one-way gate to the infinite horrors of the Abyss.
 45588 | Depths:2 | Found a one-way gate leading to the halls of Pandemonium.
 45931 | Depths:3 | Identified the +3 dire flail of the Freezing Gods {freeze,
                  | Fly rPois rF+} (Okawaru gifted it to you on level 3 of the
                  | Depths)
 45931 | Depths:3 | Received a gift from Okawaru
 46017 | Depths:3 | Found Goits's General Store.
 46018 | Depths:3 | Found Jaklyes's Armour Boutique.
 46018 | Depths:3 | Found Wiaff's Antique Weapon Shop.
 46042 | Depths:3 | Found Demi's Distillery.
 46057 | Depths:3 | Bought a potion of heal wounds for 85 gold pieces
 46057 | Depths:3 | Bought a potion of cancellation for 136 gold pieces
 46057 | Depths:3 | Bought 2 potions of magic for 272 gold pieces
 46057 | Depths:3 | Bought a potion of curing for 51 gold pieces
 46057 | Depths:3 | Bought a potion of invisibility for 136 gold pieces
 46057 | Depths:3 | Bought a potion of curing for 51 gold pieces
 46057 | Depths:3 | Bought a potion of heal wounds for 85 gold pieces
 46551 | Depths:3 | Noticed a juggernaut
 46561 | Depths:3 | Killed a juggernaut
 46635 | Depths:3 | Identified the +2 falchion of Onuixaript {heavy, Fly rElec
                  | Str-5 Dex-5}
 46636 | Depths:3 | Identified the +4 leather armour of Leehas {Rampage rElec
                  | Int+3}
 46798 | Depths:4 | Entered Level 4 of the Depths
 46850 | Depths:4 | Paralysed by a floating eye for 2 turns
 46858 | Depths:4 | Paralysed by a floating eye for 3 turns
 47053 | Depths:4 | Identified the +3 ring mail of Tosaibro {rPois Regen+ Str-2
                  | Int-4}
 47078 | Depths:4 | Identified the +3 scale mail of Action {rC- Int+4 Slay+6}
                  | (Okawaru gifted it to you on level 4 of the Depths)
 47078 | Depths:4 | Received a gift from Okawaru
 47111 | Depths:4 | Found a snail-covered altar of Cheibriados.
 47290 | Depths:4 | Found a gate to the Realm of Zot.
 47631 | Depths:4 | Noticed Frederick
 47640 | Depths:4 | Killed Frederick
 48072 | Slime:1  | Entered Level 1 of the Pits of Slime
 48076 | Slime:1  | Gained mutation: You sometimes lose your temper in combat.
                  | [a shining eye]
 48079 | Slime:1  | Gained mutation: You do not regenerate when monsters are
                  | visible. [a shining eye]
 48081 | Slime:1  | Gained mutation: Your spells are a little harder to cast,
                  | but a little more powerful. [a shining eye]
 48128 | Lair:4   | Lost mutation: You are robust. (+10% HP) [potion of
                  | mutation]
 48128 | Lair:4   | Lost mutation: You occasionally shout uncontrollably at
                  | your foes. [potion of mutation]
 48128 | Lair:4   | Gained mutation: You are strong-willed. (Will+) [potion of
                  | mutation]
 48129 | Lair:4   | Lost mutation: Your spells are a little harder to cast, but
                  | a little more powerful. [potion of mutation]
 48129 | Lair:4   | Lost mutation: You do not regenerate when monsters are
                  | visible. [potion of mutation]
 48129 | Lair:4   | Lost mutation: You are strong-willed. (Will+) [potion of
                  | mutation]
 48129 | Lair:4   | Lost mutation: You sometimes lose your temper in combat.
                  | [potion of mutation]
 48156 | Slime:3  | Reached XP level 25. HP: 247/247 MP: 19/19
 48201 | Slime:5  | Entered Level 5 of the Pits of Slime
 48226 | Slime:5  | Gained mutation: You are frail. (-10% HP) [a shining eye]
 48231 | Slime:5  | Gained mutation: You are dopey. (Int -2) [a shining eye]
 48418 | Slime:5  | Paralysed by a floating eye for 4 turns
 48490 | Slime:5  | Noticed the Royal Jelly
 48525 | Slime:5  | Paralysed by a great orb of eyes for 4 turns
 48537 | Slime:5  | Killed the Royal Jelly
 48593 | Slime:5  | Found the ring of the Octopus King
 48605 | Slime:5  | Identified a ring of the Octopus King {rCorr HP+2 AC+2 EV+2
                  | SH+2}
 48627 | Slime:5  | Identified the +2 rapier of Nagg {vamp, Contam rCorr Dex+4}
 48685 | Slime:5  | Got a slimy rune of Zot
 48687 | Slime:5  | Got Dijuocwibu's Commentary on Pyromania and the Traveller
 48689 | Slime:5  | Identified the ring "Colawn" {rPois rC+}
 48751 | Slime:2  | Gained mutation: You have hidden genetic defects. [a
                  | shining eye]
 48776 | Lair:4   | Lost mutation: You are dopey. (Int -2) [potion of mutation]
 48776 | Lair:4   | Lost mutation: You expend magic power (3 MP) to strengthen
                  | your wands. [potion of mutation]
 48776 | Lair:4   | Gained mutation: You are occasionally teleported next to
                  | monsters. [potion of mutation]
 48776 | Lair:4   | Gained mutation: You are resistant to electric shocks.
                  | (rElec) [potion of mutation]
 48776 | Lair:4   | Gained mutation: You have a somewhat thin skeletal
                  | structure. (Dex +2, Stealth+) [potion of mutation]
 48777 | Lair:4   | Lost mutation: You are frail. (-10% HP) [potion of
                  | mutation]
 48777 | Lair:4   | Lost mutation: You have a somewhat thin skeletal structure.
                  | (Dex +2, Stealth+) [potion of mutation]
 48778 | Lair:4   | Lost mutation: You are resistant to electric shocks.
                  | (rElec) [potion of mutation]
 48778 | Lair:4   | Lost mutation: Your magical capacity is low. (-10% MP)
                  | [potion of mutation]
 48778 | Lair:4   | Lost mutation: Potions are less effective at restoring your
                  | health. [potion of mutation]
 48778 | Lair:4   | Gained mutation: You occasionally lose the ability to read
                  | scrolls when taking damage. [potion of mutation]
 48778 | Lair:4   | Gained mutation: You are agile. (Dex +4, Str/Int -1)
                  | [potion of mutation]
 48778 | Lair:4   | Gained mutation: You have a somewhat thin skeletal
                  | structure. (Dex +2, Stealth+) [potion of mutation]
 48779 | Lair:4   | Lost mutation: You have hidden genetic defects. [potion of
                  | mutation]
 48779 | Lair:4   | Lost mutation: You have a somewhat thin skeletal structure.
                  | (Dex +2, Stealth+) [potion of mutation]
 48779 | Lair:4   | Lost mutation: You are agile. (Dex +4, Str/Int -1) [potion
                  | of mutation]
 48779 | Lair:4   | Gained mutation: Your magical capacity is low. (-10% MP)
                  | [potion of mutation]
 48780 | Lair:4   | Lost mutation: You occasionally lose the ability to read
                  | scrolls when taking damage. [potion of mutation]
 48780 | Lair:4   | Lost mutation: Your magical capacity is low. (-10% MP)
                  | [potion of mutation]
 48780 | Lair:4   | Lost mutation: You are occasionally teleported next to
                  | monsters. [potion of mutation]
 48780 | Lair:4   | Gained mutation: Your natural rate of healing is unusually
                  | fast. [potion of mutation]
 48780 | Lair:4   | Gained mutation: Your spells are a little harder to cast,
                  | but a little more powerful. [potion of mutation]
 48780 | Lair:4   | Gained mutation: You possess an exceptional clarity of
                  | mind. [potion of mutation]
 49081 | Zot:1    | Entered Level 1 of the Realm of Zot
 49105 | Zot:1    | Noticed an orb of fire
 49106 | Zot:1    | Gained mutation: You are vulnerable to cold. (rC-) [an orb
                  | of fire]
 49164 | Zot:1    | Gained mutation: You are frail. (-10% HP) [an orb of fire]
 49175 | Zot:1    | Killed an orb of fire
 49181 | Zot:1    | Received a gift from Okawaru
 49382 | Zot:1    | Noticed an orb of fire
 49385 | Zot:1    | Gained mutation: You are clumsy. (Dex -2) [an orb of fire]
 49387 | Zot:1    | Noticed an orb of fire
 49389 | Zot:1    | Lost mutation: You possess an exceptional clarity of mind.
                  | [an orb of fire]
 49397 | Zot:1    | Killed an orb of fire
 49406 | Zot:1    | Killed an orb of fire
 49504 | Zot:1    | You fall into a shaft and drop 1 floor!
 49702 | Zot:2    | Identified the +2 cloak of Spite {Int+9 Dex-2} (Okawaru
                  | gifted it to you on level 2 of the Realm of Zot)
 49702 | Zot:2    | Received a gift from Okawaru
 49816 | Zot:2    | Found the +4 dragonskin cloak
 49816 | Zot:2    | Noticed Tiamat
 49845 | Zot:2    | Killed Tiamat
 50091 | Zot:2    | Identified the +7 spear "Viotwo" {freeze, Contam rPois
                  | Will+ Int+3}
 50134 | Zot:2    | Identified the +4 quarterstaff of Corporal Punishment
                  | {heavy, rC+ Str+3}
 50946 | Zot:3    | Reached XP level 26. HP: 234/234 MP: 22/22
 51731 | Zot:4    | Found a transporter.
 51746 | Zot:4    | Found a transporter.
 51836 | Zot:4    | Noticed Parghit
 51852 | Zot:4    | Killed Parghit
 51854 | Zot:4    | Found a glowing golden altar of the Shining One.
 52180 | Zot:4    | Found a hide-covered altar of Uskayaw.
 52374 | Zot:4    | Identified the +0 scale mail of Ygua {SInv} (Okawaru gifted
                  | it to you on level 4 of the Realm of Zot)
 52374 | Zot:4    | Received a gift from Okawaru
 52529 | Zot:4    | Identified the +1 helmet of the Eye-covered God {rElec rC-
                  | rCorr Slay+6}
 52536 | Zot:4    | Identified the ring "Corghury" {rC+ Stlth+}
 52580 | Zot:5    | Entered Level 5 of the Realm of Zot
 53021 | Zot:5    | Noticed an ancient lich
 53033 | Zot:5    | Killed an ancient lich
 53050 | Zot:5    | Noticed an orb of fire
 53056 | Zot:5    | Noticed an orb of fire
 53065 | Zot:5    | Gained mutation: Your body sometimes deteriorates upon
                  | taking damage. [an orb of fire]
 53066 | Zot:5    | Noticed an orb of fire
 53072 | Zot:5    | Noticed an orb of fire
 53078 | Zot:5    | Gained mutation: You occasionally lose the ability to read
                  | scrolls when taking damage. [an orb of fire]
 53081 | Zot:5    | Gained mutation: You are vulnerable to heat. (rF-) [an orb
                  | of fire]
 53084 | Zot:5    | Gained mutation: You sometimes lose the ability to read
                  | scrolls when taking damage. [an orb of fire]
 53099 | Zot:5    | Killed an orb of fire
 53395 | Zot:5    | Identified the +8 broad axe of Duty {freeze, rF+ Will++
                  | Dex-3 SInv} (Okawaru gifted it to you on level 5 of the
                  | Realm of Zot)
 53395 | Zot:5    | Received a gift from Okawaru
 53428 | Zot:5    | Gained mutation: You are very frail. (-20% HP) [an orb of
                  | fire]
 53441 | Zot:5    | Killed an orb of fire
 53456 | Zot:5    | Gained mutation: You are dopey. (Int -2) [an orb of fire]
 53464 | Zot:5    | Killed an orb of fire
 53484 | Zot:5    | Lost mutation: Your spells are a little harder to cast, but
                  | a little more powerful. [an orb of fire]
 53494 | Zot:5    | Killed an orb of fire
 53495 | Zot:5    | Reached XP level 27. HP: 207/216 MP: 22/22
 53754 | Depths:2 | Lost mutation: You sometimes lose the ability to read
                  | scrolls when taking damage. [potion of mutation]
 53754 | Depths:2 | Lost mutation: Your body sometimes deteriorates upon taking
                  | damage. [potion of mutation]
 53754 | Depths:2 | Lost mutation: You are very frail. (-20% HP) [potion of
                  | mutation]
 53754 | Depths:2 | Gained mutation: You have hidden genetic potential. [potion
                  | of mutation]
 53755 | Depths:2 | Lost mutation: You are vulnerable to cold. (rC-) [potion of
                  | mutation]
 53755 | Depths:2 | Lost mutation: You have hidden genetic potential. [potion
                  | of mutation]
 53755 | Depths:2 | Lost mutation: Your muscles are strong. (Str +4, Int/Dex
                  | -1) [potion of mutation]
 53755 | Depths:2 | Gained mutation: You are mostly covered in iridescent
                  | scales. (AC +4) [potion of mutation]
 53755 | Depths:2 | Gained mutation: You have a pair of large horns on your
                  | head. [potion of mutation]
 53756 | Depths:2 | Lost mutation: You are mostly covered in iridescent scales.
                  | (AC +4) [potion of mutation]
 53756 | Depths:2 | Lost mutation: You have a pair of large horns on your head.
                  | [potion of mutation]
 53756 | Depths:2 | Gained mutation: You occasionally shout uncontrollably at
                  | your foes. [potion of mutation]
 53756 | Depths:2 | Gained mutation: You have large cloven feet. [potion of
                  | mutation]
 53765 | Zig:1    | Entered Level 1 of a ziggurat
 54011 | Zig:2    | Entered Level 2 of a ziggurat
 54037 | Zig:2    | Identified the +2 robe "Par Meel" {rPois Will+}
 54040 | Zig:2    | Lost mutation: Your natural rate of healing is unusually
                  | fast. [potion of mutation]
 54040 | Zig:2    | Lost mutation: You are dopey. (Int -2) [potion of mutation]
 54040 | Zig:2    | Lost mutation: You have large cloven feet. [potion of
                  | mutation]
 54040 | Zig:2    | Gained mutation: You occasionally lose the ability to drink
                  | potions when taking damage. [potion of mutation]
 54040 | Zig:2    | Gained mutation: You possess an exceptional clarity of
                  | mind. [potion of mutation]
 54045 | Zig:3    | Entered Level 3 of a ziggurat
 54064 | Zig:3    | Identified the staff of earth "Umocepn" {rF+ Str-3 Int+6}
 54067 | Zig:4    | Entered Level 4 of a ziggurat
 54098 | Zig:5    | Entered Level 5 of a ziggurat
 54135 | Zig:5    | Identified the staff of air "Mastricuth" {rElec rCorr Int+5
                  | Stlth+}
 54136 | Zig:5    | Identified the ring of Balance {Fly rC++ rN+}
 54149 | Zig:6    | Entered Level 6 of a ziggurat
 54157 | Zig:6    | Paralysed by an air elemental for 1 turns
 54178 | Zig:6    | Identified the +1 quarterstaff of Premature Burial {freeze,
                  | rC+ rN++}
 54200 | Zig:7    | Entered Level 7 of a ziggurat
 54260 | Zig:7    | Identified the ring "Ykorch" {rElec rC+ rCorr Int-4 Stlth+}
 54273 | Zig:8    | Entered Level 8 of a ziggurat
 54292 | Abyss:2  | Cast into level 2 of the Abyss (a wizard)
 54314 | Zig:8    | Escaped the Abyss
 54350 | Zig:8    | Reached skill level 27 in Fighting
 54350 | Zig:8    | Reached skill level 27 in Armour
 54350 | Zig:8    | Reached skill level 27 in Shields
 54358 | Zig:9    | Entered Level 9 of a ziggurat
 54373 | Zig:9    | Reached skill level 27 in Axes
 54376 | Zig:9    | Received a gift from Okawaru
 54418 | Zig:9    | Identified the +1 glaive of Abewafym {elec, rElec Dex+5}
 54422 | Zig:10   | Entered Level 10 of a ziggurat
 54427 | Zig:10   | Noticed a royal mummy
 54447 | Zig:10   | Killed a royal mummy
 54454 | Zig:10   | Noticed a royal mummy
 54458 | Zig:10   | Noticed a royal mummy
 54485 | Zig:10   | Identified the +2 short sword "Ozexoov" {venom, rC+ Str+3
                  | Dex+2}
 54487 | Zig:10   | Identified the ring of Luonawne {rElec rPois rC+}
 54491 | Zig:11   | Entered Level 11 of a ziggurat
 54590 | Zig:11   | Identified the ring "Apiymeg" {rN+ Dex+4}
 54612 | Zig:12   | Entered Level 12 of a ziggurat
 54623 | Zig:12   | Noticed a juggernaut
 54623 | Zig:12   | Noticed a juggernaut
 54624 | Zig:12   | Noticed a juggernaut
 54625 | Zig:12   | Noticed a juggernaut
 54643 | Zig:12   | Demolished by a juggernaut

Illustrated notes

Levels and vault maps discovered:
D:1:      dpeg_arrival_lava_altar, layout_basic
D:2:      layout_rooms, basic_altar, hellmonk_ecumenical_altar_blasted,
          uniq_natasha
D:3:      layout_basic, st_stairs_1, uniq_ijyb
D:4:      layout_gridville, mainiacjoe_overflow_surrounded_room,
          gup_sewer_entry_bubbles, uniq_grinder, uniq_robin, uniq_eustachio
D:5:      cheibrodos_two_vegetables, layout_cave_pools, trog_wizard,
          minmay_temple_entry_gardened_gates, serial_shops, nicolae_square_shop
D:6:      layout_rooms, lemuel_crystal_altar, minmay_fractal_squares_diagonal_5,
          uniq_duvessa, uniq_menkaure, uniq_maggie
D:7:      layout_loops_corners, minmay_overflow_temple_star_quad,
          mainiacjoe_overflow_catch_the_wave, gammafunk_ghost_split,
          minivault_23
D:8:      layout_gridville, hellmonk_guarded_unrand_frostbite,
          uniq_prince_ribbit1
D:9:      layout_gridville, grunt_lair_entry_orc_guard_hut, uniq_maurice
D:10:     layout_basic, mainiacjoe_overflow_alcove_4,
          eat_drink_and_be_merry_uskayaw, kennysheep_minor_cross, uniq_grum,
          uniq_josephine
D:11:     layout_stronghold, serial_shops, shop, nicolae_alphabet_shops,
          hellmonk_bongcloud_opening
D:12:     layout_basic, orc_0_dummy, nooodl_orcs_dogs
D:13:     layout_basic, skrybe_limestone_x, minmay_misc_feat_doors,
          lightli_minifort, uniq_lodul
D:14:     minmay_inside_and_out, layout_loops_corners, erik_vaults_1,
          vehumet_altar_wand_db
D:15:     grunt_enter_depths_hoard, layout_loops_ring, st_stairs_3,
          nicolae_nh_vlads_tower
Temple:   minmay_temple_forest_path
Lair:1:   layout_regular_city, serial_bayou_pond_e, wad_woods_road_05,
          uniq_joseph, uniq_amaemon
Lair:2:   layout_cave_pods, palyth_hydra_swamp_entry, serial_bayou,
          serial_bayou_pond_d, serial_bayou_pond_d, serial_bayou_lake_a,
          serial_bayou_pond_a
Lair:3:   layout_misc_corridors, spider_nest_entry_rubble,
          gauntlet_entry_generic, lemuel_centaur_altar
Lair:4:   layout_concentric_octagons, nicolae_slime_entry_slimehenge,
          maelrawn_ghost_gauntlet_escape, uniq_rupert, uniq_kirke
Lair:5:   wormcave, layout_regular_city, guppyfry_lair_end_dragon,
          infiniplex_staircase_pool, uniq_nessos
Swamp:1:  layout_basic_swamp, ebering_ghost_funeral_grove,
          evilmike_swamp_ruin_house_3, swamp_pool3, nicolae_swamp_bean_lake
Swamp:2:  layout_basic_swamp, portal_ice_cave_entry_pillars_four,
          nicolae_swamp_treefoil, nicolae_swamp_wisp_ring_woods
Swamp:3:  layout_falls_marsh, evilmike_swamp_ruin_house_1, swamp_pool2,
          hangedman_swamp_phenomena, uniq_nikola
Swamp:4:  swamp_alternative, layout_basic_swamp
Spider:1: layout_spider_delve, uniq_agnes, uniq_frances
Spider:2: nicolae_spider_mines_3
Spider:3: layout_spider_delve, ebering_ghost_reflecting_pool, uniq_arachne
Spider:4: hellmonk_spider_rune_endless_swarm, uniq_mlioglotl
Slime:1:  layout_caves
Slime:2:  layout_caves, cheibrodos_slime_lost_civilization_4
Slime:3:  layout_caves
Slime:4:  layout_caves
Slime:5
Orc:1:    layout_caves, uniq_sonja, uniq_fannar
Orc:2:    grunt_orc_tribal_feast, layout_diamond_mine,
          minmay_shop_enchanted_jewellery
Elf:1:    eino_elf_arrival_sip, layout_geoelf_grid, serial_shops,
          nicolae_shop_peninsula, basic_altar, hangedman_elf_disciples,
          uniq_donald
Elf:2:    nicolae_elf_blades_splatter_lattice [grunt_blade_entry_basic],
          layout_rooms, hangedman_elven_crosses_minicolossus, uniq_aizul
Elf:3:    minmay_elf_hall, layout_geoelf_octagon,
          nicolae_elf_glass_and_crystal_pillar_2
Vaults:1: nicolae_vaults_tetromino_L_1, vaults_room_fancy_cross,
          nicolae_vaults_big_ls, ontoclasm_vaults_ring_large,
          nicolae_vaults_triangles, ontoclasm_vaults_ligature,
          ontoclasm_vaults_hangar, nicolae_vaults_offset_grid_hallway_3,
          layout_vaults_omnigrid
Vaults:2: vaults_standard_mumra_lines, v_misc_32,
          nicolae_vaults_ellipses_ellipsis, minmay_crypt_entry_necro_gods,
          nicolae_vaults_storage_closets_1, nicolae_vaults_wine_cellar,
          nicolae_vaults_frosty_reception, grunt_vaults_hallway_short,
          nicolae_vaults_double_plus_2, nicolae_vaults_specimen_jars,
          nicolae_vaults_double_plus_3, nicolae_vaults_apartment_2,
          nicolae_vaults_ring_of_whatevers, nicolae_vaults_trapezoid_1,
          nicolae_vaults_offset_grid_hallway_3, nicolae_vaults_tetromino_L_1,
          ontoclasm_vaults_ring_large, vaults_room_door_ring,
          layout_vaults_omnibox, serial_shops, shop
Vaults:3: nicolae_vaults_trapezoid_lopsided_3, nicolae_vaults_closet_pinwheel_4,
          nicolae_vaults_twisting_passages, nicolae_vaults_layer_cake_slice,
          nicolae_vaults_storing_the_good_stuff, hangedman_vaults_nails,
          v_pattern_3, nicolae_vaults_tetromino_Z_2,
          ontoclasm_vaults_loading_screen, nicolae_vaults_apartment_1,
          nicolae_vaults_surprise_closet, nicolae_vaults_little_squares_2,
          layout_vaults_big_room, serial_shops, nicolae_shop_stone
Vaults:4: grunt_vaults_trifunnel, vaults_room_grid, v_misc_24,
          vaults_standard_mumra_x, nicolae_vaults_more_shelving_1,
          nicolae_vaults_network_star, nicolae_vaults_display_case,
          vaults_room_grunt_arrival_checkpoint, hangedman_vaults_locks,
          v_misc_23, nicolae_vaults_little_squares_3,
          nicolae_vaults_storage_room_glass, layout_vaults_omnicross,
          serial_shops, nicolae_shop_stone, uniq_sojobo, uniq_xtahua
Vaults:5
Crypt:1:  layout_chaotic_city, lemuel_mausoleum_altar_yredelemnul, uniq_margery
Crypt:2:  layout_regular_city, gammafunk_ghost_arena, uniq_zenata
Crypt:3:  church_of_pain_bobbens, layout_chaotic_city, tomb_entry_shell_bobbens,
          uniq_josephina
Depths:1: layout_honeycomb, nemelex_lonely_heart_becter, ebering_ghost_gozag,
          hangedman_coc_ice_floe, nicolae_shop_sticking_my_neck_out
Depths:2: minmay_ambush_box, layout_gridville, enter_ziggurat_e,
          grunt_hell_entry_dis_mu, serial_shops, nicolae_shop_gaudy_bauble,
          grunt_pan_entry_sceptre, nicolae_qazlal_scattered_showers,
          abyss_entry_flame_altar
Depths:3: kennysheep_large_spiral, layout_cave_pools, abyss_entry, hell_entry,
          solitary_fountain, minmay_shoptagon, minmay_staircase_statues
Depths:4: grunt_zot_entry_tricorne, layout_small_grid, cheibriados_altar_1,
          minmay_room_of_horrors, hangedman_tar_grid_catacomb, uniq_frederick
Zot:1:    kennysheep_ambush_hall, layout_onion_interference, zot_minivault_4
Zot:2:    layout_gridlike, uniq_tiamat
Zot:3:    layout_cathedral_of_symmetry, lemuel_elevator
Zot:4:    gammafunk_sealed_arena, layout_misc_corridors,
          hangedman_feature_mirror, grunt_megastairs_3, uniq_parghit
Zot:5:    layout_misc_corridors, st_stairs_1, lemuel_flame_loot_1
Zig:12

Skill      XL: |  1  2  3  4  5  6  7  8  9 10 11 12 13 14 15 16 17 18 19 20 21 22 23 24 25 26 27 |
---------------+----------------------------------------------------------------------------------+-----
Dodging        | 1 2 3 4 5 6 8 9 10 12 13 14 15 16 17 18 19 20 21 22 23 24 25 | 25.8
Fighting       | 4 5 6 7 8 9 11 12 13 14 16 17 18 19 20 21 22 23 24 25 26 27 | 27.0
Axes           | 3 4 5 6 8 9 10 12 13 14 15 16 18 19 20 21 22 23 24 25 26 27 | 27.0
Armour         | 4 5 6 7 8 9 11 12 13 14 16 17 18 19 20 21 22 23 24 25 26 27 | 27.0
Shields        | 4 5 6 7 8 9 11 12 13 14 16 17 18 19 20 21 22 23 24 25 26 27 | 27.0

Action                     |  1- 3 |  4- 6 |  7- 9 | 10-12 | 13-15 | 16-18 | 19-21 | 22-24 | 25-27 || total
---------------------------+-------+-------+-------+-------+-------+-------+-------+-------+-------++-------
  Melee: War axe           |    69 |   128 |   244 |   151 |       |       |       |       |       ||   592
         Headbutt          |     8 |    14 |    51 |    66 |   162 |   209 |   172 |   358 |   372 ||  1412
         Executioner's axe |       |       |       |   230 |   689 |   844 |   737 |   638 |       ||  3138
         Unarmed           |       |       |       |       |     7 |       |       |       |       ||     7
         Broad axe         |       |       |       |       |       |       |       |   647 |  1067 ||  1714
 Invoke: Heroism           |       |       |       |     3 |     2 |     4 |     5 |     5 |    15 ||    34
  Evoke: Wand              |       |       |     1 |    14 |       |       |     1 |       |       ||    16
         Condenser vane    |       |       |       |       |       |       |     1 |     1 |     2 ||     4
    Use: Scroll            |     8 |     4 |     6 |     6 |     5 |     9 |     7 |     6 |    11 ||    62
         Potion            |       |     2 |     2 |    11 |     5 |    11 |     5 |     5 |    32 ||    73
   Stab: Sleeping          |       |       |       |     3 |    11 |     3 |       |       |       ||    17
         Distracted        |       |       |       |       |     2 |     1 |       |     1 |       ||     4
         Invisible         |       |       |       |       |       |    12 |       |       |    12 ||    24
         Confused          |       |       |       |       |       |     1 |       |       |       ||     1
 Armour: Scale mail        |    41 |    60 |   150 |   173 |   176 |   376 |   250 |       |       ||  1226
         Crystal plate arm |       |       |       |       |       |       |    85 |   213 |       ||   298
         Chain mail        |       |       |       |       |       |       |       |   110 |   505 ||   615
  Dodge: Dodged            |    20 |    66 |   153 |   335 |   981 |  1701 |  1343 |  1154 |  1165 ||  6918
  Block: Buckler           |    13 |    28 |    60 |    48 |       |       |       |   162 |   530 ||   841
         Kite shield       |       |       |       |       |       |       |       |   199 |   358 ||   557
